Map: World of Sleepers LE

Players

TSGTYTY (TY) - Winner!

  • Race: Terran Terran
  • League: Grandmaster
  • Spawn Location: 1:00

soO

  • Race: Zerg Zerg
  • Spawn Location: 7:00

VOD

Have the link to the VOD?

Description

Time

  • Played on: Jan. 9, 2020, 7:22 a.m.
  • Length: 25:13
Show
View Real Time Build Order
Export as new Build Order

TSGTYTY Terran - Winner!

Build Orders: Gas First Reaper Expand, Hellion Opening, Mech 

Get SALT Encoding   

  12  0:00  SCV  
  13  0:12  SCV  
  14  0:17  Supply Depot  
  14  0:25  SCV  
  15  0:28  Refinery  
  15  0:38  SCV  
  16  0:44  Barracks  
  16  0:50  SCV  
  17  1:02  SCV  
  18  1:14  SCV  
  19  1:30  Orbital Command  
  19  1:31  Reaper  
  20  1:41  Command Center  
  20  1:52  Factory  
  20  1:57  SCV  
  21  2:06  Barracks Reactor  
  21  2:10  SCV  
  21  2:12  Supply Depot  
  22  2:16  Refinery  
  22  2:23  SCV  
  23  2:35  SCV  
  24  2:43  Starport  
  24  2:47  SCV, Hellion x2  
  29  2:53  Orbital Command  
  29  2:59  SCV  
  30  3:08  Hellion x2  
  30  3:11  SCV  
  35  3:19  SCV  
  36  3:22  Starport Tech Lab, Fusion Core  
  36  3:24  SCV  
  37  3:31  SCV, Supply Depot  
  38  3:34  Hellion  
  38  3:39  SCV  
  38  3:41  Hellion  
  43  3:44  SCV  
  44  3:51  SCV  
  45  3:56  SCV  
  41  4:03  SCV  
  41  4:08  SCV  
  39  4:12  Battlecruiser  
  39  4:13  Hellion  
  39  4:14  Hellion  
  39  4:15  Marine  
  50  4:19  Supply Depot  
  50  4:20  SCV  
  50  4:22  SCV  
  52  4:30  Supply Depot  
  52  4:33  SCV  
  52  4:34  SCV  
  54  4:41  Command Center  
  54  4:45  SCV  
  55  4:48  Hellion x2  
  55  4:49  SCV  
  60  4:56  Supply Depot  
  60  4:57  SCV  
  60  4:59  Supply Depot  
  61  5:07  Factory  
  61  5:09  SCV, Factory  
  61  5:10  SCV, Barracks Tech Lab  
  63  5:17  Refinery x2  
  63  5:21  SCV  
  63  5:23  SCV, Hellion x2  
  69  5:33  SCV  
  62  5:35  SCV  
  62  5:38  Starport Tech Lab  
  63  5:44  Hellion x2  
  63  5:45  SCV  
  63  5:47  SCV, Supply Depot  
  69  5:54  Orbital Command  
  69  5:58  SCV  
  69  6:00  SCV  
  77  6:05  Battlecruiser  
  77  6:12  SCV  
  77  6:14  SCV, Orbital Command  
  77  6:16  Cyclone  
  77  6:17  Cyclone  
  85  6:25  SCV  
  86  6:26  SCV  
  86  6:30  Hellion  
  86  6:31  Mag-Field Accelerator  
  89  6:33  Weapon Refit  
  89  6:37  SCV, Refinery  
  89  6:38  SCV  
  91  6:40  SCV, Supply Depot, Refinery  
  92  6:49  SCV  
  92  6:52  SCV x2  
  98  6:54  Siege Tank  
  98  6:57  Supply Depot x2  
  101  7:01  SCV  
  101  7:03  Engineering Bay  
  101  7:04  SCV x2  
  101  7:06  Hellion x2  
  108  7:11  Armory  
  108  7:13  SCV, Siege Tank  
  107  7:16  SCV x2  
  109  7:27  Siege Tank  
  109  7:28  SCV x2, Hellion x2  
  118  7:33  Missile Turret x2  
  114  7:39  Supply Depot  
  114  7:41  Battlecruiser  
  120  7:47  Siege Tank  
  120  7:49  Hellion  
  120  7:51  Armory  
  125  7:52  Supply Depot  
  125  7:53  Supply Depot x2  
  125  7:54  Hellion  
  127  8:01  Missile Turret, Terran Vehicle Weapons Level 1  
  130  8:15  Hellion, Command Center  
  132  8:21  Siege Tank x2  
  132  8:24  Hellion  
  135  8:27  SCV, Missile Turret  
  136  8:36  Missile Turret  
  136  8:37  Sensor Tower  
  136  8:39  SCV, Hellion  
  141  8:45  Battlecruiser  
  145  8:53  Siege Tank  
  151  9:05  Factory  
  151  9:06  Factory  
  151  9:15  Supply Depot x2, Terran Vehicle And Ship Armor Level 1  
  151  9:16  Supply Depot x2  
  151  9:21  Supply Depot  
  151  9:22  Supply Depot x2  
  151  9:23  Supply Depot  
  148  9:28  Cyclone x2  
  148  9:29  Hellion x2  
  148  9:30  Infernal Pre-Igniter  
  157  9:40  Command Center  
  154  9:52  Factory Reactor, Factory Tech Lab  
  154  9:55  Hellion x2  
  158  10:00  Cyclone x2  
  158  10:02  Battlecruiser  
  170  10:11  Cyclone  
  169  10:18  Supply Depot  
  169  10:19  Supply Depot  
  158  10:29  Hellion  
  158  10:32  SCV x3, Cyclone x2  
  164  10:36  Terran Vehicle Weapons Level 2  
  164  10:37  Refinery  
  164  10:43  Cyclone  
  167  10:54  Hellion x3  
  167  10:56  Missile Turret  
  172  10:58  SCV x3  
  175  11:04  Cyclone  
  178  11:13  Command Center  
  178  11:15  SCV x2  
  186  11:19  Planetary Fortress  
  178  11:36  Siege Tank x3  
  178  11:39  Terran Vehicle And Ship Armor Level 2  
  178  11:42  Factory, Hellion  
  178  11:43  Hellion  
  178  11:45  Factory  
  182  11:52  Sensor Tower  
  182  11:56  Hellion x2  
  175  12:12  Thor x3  
  185  12:23  Hellion x2  
  185  12:29  Hellion x2  
  182  12:30  Factory Tech Lab  
  182  12:31  SCV  
  182  12:32  SCV  
  182  12:33  Factory Tech Lab  
  184  12:39  Starport Reactor  
  172  12:49  Thor  
  178  12:52  Refinery  
  178  12:54  Missile Turret, Terran Vehicle Weapons Level 3  
  178  12:55  Command Center  
  178  12:56  Thor, Missile Turret  
  178  12:58  Refinery, Planetary Fortress  
  178  12:59  Command Center  
  178  13:07  Thor  
  178  13:10  Smart Servos  
  184  13:13  Hellion  
  184  13:14  Hellion x2  
  190  13:22  Thor  
  196  13:37  Command Center  
  196  14:02  Missile Turret  
  190  14:08  Thor x2  
  197  14:14  Orbital Command  
  197  14:15  Orbital Command  
  197  14:25  Missile Turret  
  191  14:35  Command Center  
  191  14:44  Thor x3  
  198  14:50  Starport  
  192  15:16  Thor x2  
  200  15:25  Liberator x2  
  187  15:31  Missile Turret, Siege Tank  
  187  15:32  Sensor Tower, Siege Tank  
  187  15:37  Siege Tank  
  196  15:51  Starport Reactor  
  196  15:59  Siege Tank  
  196  16:00  Planetary Fortress  
  187  16:06  Siege Tank x2  
  187  16:07  Liberator  
  187  16:08  Liberator  
  187  16:10  Liberator x2  
  187  16:21  Sensor Tower  
  187  16:22  Refinery  
  187  16:23  Refinery  
  187  16:25  Terran Vehicle And Ship Armor Level 3  
  193  16:26  Terran Ship Weapons Level 1  
  192  16:53  Thor x2  
  183  17:03  Command Center  
  189  17:08  Thor  
  189  17:15  Hellion x4  
  175  17:16  Hellion x2  
  174  17:23  Refinery  
  174  17:26  Planetary Fortress  
  162  17:36  Hellion x3  
  162  17:37  Hellion x3  
  153  17:47  SCV  
  153  17:48  SCV x2  
  158  17:58  Siege Tank x3  
  158  17:59  Hellion x2, Command Center, Siege Tank  
  158  18:04  SCV x5  
  182  18:05  SCV  
  176  18:14  Missile Turret  
  176  18:16  SCV, Viking x4  
  171  18:33  SCV, Sensor Tower  
  169  18:34  Thor x2  
  169  18:35  Orbital Command  
  169  18:39  SCV x4  
  185  18:45  SCV  
  185  18:46  Viking  
  189  18:59  Thor x2  
  196  19:03  Terran Ship Weapons Level 2  
  194  19:10  Viking x2  
  194  19:15  Viking  
  200  19:37  Viking  
  193  19:57  Hellion x4  
  193  19:58  Thor  
  199  20:13  Orbital Command  
  187  20:15  Thor x2  
  187  20:17  Refinery  
  187  20:18  Planetary Fortress, Refinery  
  187  20:20  Neosteel Armor  
  193  20:37  Command Center  
  193  20:38  Viking x3, Command Center  
  199  20:49  Advanced Ballistics  
  199  21:11  Thor  
  178  21:12  Thor  
  178  21:15  Hellion x2  
  178  21:17  Liberator x4  
  178  21:18  Hellion x2  
  181  21:31  Missile Turret  
  179  21:34  Missile Turret  
  179  21:36  Hellion  
  179  21:37  Hellion x2  
  176  21:41  Missile Turret  
  176  21:47  Command Center, Siege Tank  
  176  21:50  Orbital Command x2  
  179  21:56  Command Center  
  179  22:01  Siege Tank x3  
  188  22:02  Hellion x4  
  196  22:13  Siege Tank  
  199  22:33  Missile Turret  
  199  22:46  Liberator x2  
  199  22:47  Liberator  
  199  22:48  Liberator  
  188  23:09  Missile Turret  
  188  23:10  Missile Turret  
  188  23:12  Siege Tank  
  176  23:13  Hellion  
  176  23:14  Hellion x5  
  176  23:17  Missile Turret x2  
  188  23:20  Missile Turret x2  
  188  23:24  Hellion x2  
  176  23:31  Orbital Command  
  155  23:35  Hellion, Siege Tank x2  
  155  23:36  Hellion  
  165  23:44  Siege Tank  
  165  23:45  Hellion x2  
  165  23:46  Hellion x2  
  176  23:52  Missile Turret  
  176  23:55  Missile Turret x2  
  176  23:57  Hellion x2, Orbital Command  
  180  24:07  Siege Tank x2  
  186  24:17  Missile Turret  
  186  24:18  Hellion x2  
  187  24:26  Hellion x2  
  187  24:27  Hellion x2  
  195  24:34  Missile Turret x2  
  189  24:38  Siege Tank  
  189  24:39  Siege Tank  
  189  24:40  Hellion x2  
  195  24:51  Hellion x2  
  193  24:55  Refinery  
  193  24:58  Refinery  
Show
View Real Time Build Order
Export as new Build Order

soO Zerg 

Build Orders: Pool First 

Get SALT Encoding   

  12  0:00  Drone  
  13  0:12  Overlord  
  13  0:16  Drone  
  14  0:30  Drone x2  
  16  0:40  Spawning Pool  
  15  0:43  Drone  
  15  0:47  Drone  
  17  1:04  Drone  
  17  1:09  Extractor  
  17  1:12  Hatchery  
  17  1:16  Drone  
  17  1:21  Drone  
  18  1:27  Zergling x2  
  18  1:31  Queen  
  21  1:38  Overlord  
  21  1:49  Drone  
  22  2:03  Drone  
  22  2:07  Queen  
  25  2:13  Drone  
  26  2:21  Drone  
  26  2:22  Metabolic Boost  
  27  2:24  Drone  
  28  2:33  Drone  
  29  2:37  Hatchery  
  29  2:38  Drone x2  
  29  2:43  Drone  
  31  2:47  Drone  
  31  2:48  Overlord  
  32  2:52  Drone  
  32  2:56  Queen  
  35  2:59  Drone  
  36  3:07  Drone x2  
  36  3:08  Drone  
  39  3:14  Drone  
  39  3:15  Drone x2  
  39  3:18  Overlord  
  42  3:22  Drone  
  43  3:28  Zergling x2  
  43  3:32  Overlord  
  44  3:36  Queen  
  44  3:39  Zergling x4  
  48  3:47  Drone x2  
  50  3:49  Zergling x4  
  49  3:57  Zergling x4  
  46  4:05  Drone x2  
  46  4:06  Drone x2  
  49  4:12  Drone  
  49  4:13  Drone x3  
  53  4:21  Lair, Drone x2  
  53  4:23  Queen  
  57  4:24  Extractor  
  57  4:27  Drone x2  
  57  4:31  Queen  
  58  4:32  Drone  
  61  4:41  Overlord  
  61  4:42  Drone  
  61  4:43  Overlord  
  61  4:45  Spore Crawler, Drone x3  
  65  4:52  Spore Crawler  
  63  4:53  Drone x2  
  63  4:54  Spore Crawler, Drone  
  63  4:55  Drone  
  66  5:03  Drone  
  66  5:04  Baneling Nest  
  66  5:05  Drone x3  
  66  5:06  Drone  
  70  5:09  Queen  
  70  5:12  Drone  
  70  5:13  Drone  
  70  5:14  Drone  
  75  5:16  Drone  
  75  5:20  Overseer  
  76  5:22  Drone x2  
  76  5:26  Drone x3  
  78  5:29  Zergling x6  
  74  5:38  Spire, Roach Warren  
  74  5:39  Drone  
  74  5:41  Drone x2  
  76  5:43  Drone x2  
  76  5:44  Drone  
  79  5:51  Extractor  
  79  5:52  Extractor  
  79  5:53  Extractor  
  79  5:54  Extractor, Overlord x2  
  75  5:58  Overlord  
  75  6:00  Overlord  
  75  6:01  Overlord  
  75  6:08  Overlord  
  75  6:09  Overlord  
  75  6:12  Drone  
  75  6:15  Drone x6  
  75  6:17  Drone x2  
  84  6:21  Drone x2  
  84  6:24  Glial Reconstitution  
  86  6:27  Drone x4  
  86  6:28  Drone  
  91  6:36  Overlord  
  91  6:39  Roach x4  
  99  6:54  Corruptor  
  99  6:55  Corruptor x4  
  99  6:58  Corruptor  
  111  7:01  Evolution Chamber  
  111  7:03  Corruptor  
  111  7:06  Corruptor  
  114  7:11  Hatchery  
  113  7:19  Overlord  
  113  7:20  Roach x5  
  123  7:25  Corruptor  
  123  7:27  Overlord  
  125  7:33  Hatchery  
  125  7:34  Overlord  
  125  7:35  Ravager x3  
  125  7:36  Overlord  
  128  7:40  Zerg Missile Weapons Level 1  
  128  7:42  Overlord  
  128  7:46  Roach x4  
  128  7:48  Overlord  
  136  7:52  Roach x3  
  136  7:53  Overlord  
  136  7:54  Roach  
  144  7:59  Roach x3  
  144  8:01  Overlord  
  150  8:07  Roach x2  
  150  8:12  Ravager  
  155  8:13  Roach x5  
  155  8:17  Roach  
  155  8:18  Roach x2  
  171  8:25  Roach x4  
  177  8:30  Roach  
  177  8:34  Drone  
  180  8:37  Extractor  
  162  8:58  Drone x12  
  162  8:59  Queen  
  173  9:06  Drone x3  
  173  9:07  Drone  
  173  9:08  Drone x2  
  177  9:17  Drone x2  
  177  9:18  Ravager  
  177  9:19  Drone x4, Evolution Chamber x2  
  177  9:20  Corruptor x2  
  186  9:25  Zergling x4  
  186  9:27  Hatchery  
  186  9:29  Roach x3  
  193  9:31  Spine Crawler  
  193  9:35  Zerg Missile Weapons Level 2  
  188  9:40  Baneling Nest, Zerg Flyer Weapons Level 1  
  188  9:41  Infestation Pit  
  188  9:43  Zergling x6  
  188  9:45  Roach x3  
  195  9:47  Zerg Ground Armor Level 1, Zerg Melee Weapons Level 1  
  195  10:12  Drone x2  
  193  10:14  Ravager x3  
  196  10:26  Zergling x24, Roach  
  186  10:33  Corruptor x5  
  186  10:34  Corruptor x4  
  181  10:58  Hatchery, Queen x2  
  181  11:00  Hive  
  181  11:01  Ravager x2  
  181  11:02  Roach x7  
  200  11:10  Centrifical Hooks  
  200  11:15  Infestor  
  189  11:27  Infestor  
  185  11:33  Extractor  
  185  11:34  Extractor  
  183  11:43  Zergling x16, Roach x3  
  183  11:45  Hatchery  
  196  11:59  Burrow  
  190  12:11  Zerg Melee Weapons Level 2  
  190  12:12  Zerg Missile Weapons Level 3, Zerg Ground Armor Level 2  
  188  12:20  Infestor x2  
  189  12:32  Zergling x10  
  192  12:46  Spine Crawler  
  192  12:49  Drone  
  190  12:57  Zergling x20  
  199  13:00  Drone  
  195  13:06  Baneling x2  
  195  13:14  Hatchery  
  195  13:18  Overseer  
  194  13:23  Drone x6  
  194  13:25  Spine Crawler  
  199  13:43  Greater Spire, Neural Parasite  
  197  14:03  Spire  
  197  14:09  Zergling x28  
  199  14:22  Overseer  
  199  14:31  Baneling x22  
  196  14:47  Ravager  
  196  14:49  Hatchery  
  196  14:52  Zergling x6  
  199  15:02  Pathogen Glands  
  199  15:03  Hatchery  
  172  15:57  Spine Crawler x2  
  172  15:58  Spine Crawler  
  172  16:03  Extractor  
  165  16:06  Brood Lord x2  
  165  16:07  Brood Lord x9  
  165  16:08  Brood Lord  
  189  16:13  Zergling x22  
  199  16:35  Baneling  
  199  16:41  Hatchery  
  184  16:47  Zergling x20  
  184  16:48  Zergling x20  
  178  16:57  Zergling x16  
  170  17:05  Zergling x12  
  167  17:14  Corruptor x6  
  146  17:30  Roach x6  
  146  17:32  Ravager  
  146  17:33  Ravager x2  
  158  17:40  Corruptor x2  
  158  17:41  Corruptor  
  162  17:49  Drone x6  
  162  17:50  Drone x3  
  171  17:51  Infestor  
  171  17:58  Infestor x4  
  175  18:01  Zerg Flyer Armor Level 1  
  175  18:02  Zerg Ground Armor Level 3, Zerg Melee Weapons Level 3  
  175  18:03  Drone  
  175  18:05  Ultralisk Cavern, Baneling x6  
  181  18:11  Roach x4  
  166  18:23  Ravager x3  
  166  18:25  Zergling x16, Roach x4  
  185  18:27  Zergling x2  
  185  18:34  Zergling x8  
  185  18:36  Drone  
  190  18:46  Corruptor x3, Hatchery  
  187  19:00  Drone x5  
  184  19:06  Zergling x2  
  184  19:07  Zergling x28  
  199  19:11  Overseer  
  199  19:12  Chitinous Plating  
  192  19:22  Corruptor x4  
  194  19:24  Zergling x12  
  186  19:40  Corruptor x5  
  189  19:46  Baneling x2  
  189  19:47  Baneling x10  
  189  19:49  Corruptor x6  
  191  19:58  Zerg Flyer Armor Level 2, Zerg Flyer Weapons Level 2  
  184  20:10  Zergling x18  
  184  20:11  Zergling x10  
  187  20:20  Drone x3  
  190  20:27  Hatchery  
  186  20:30  Ravager x3  
  185  20:36  Drone x3  
  185  20:42  Baneling x8  
  188  20:44  Zergling x2, Roach x3  
  162  21:15  Zergling x34  
  142  21:25  Roach x4  
  135  21:36  Roach  
  135  21:37  Roach x6  
  135  21:39  Infestor x2  
  149  21:45  Baneling x10  
  155  21:50  Roach x3  
  161  21:58  Ravager x3  
  161  21:59  Ravager  
  161  22:00  Drone x3  
  167  22:04  Ravager x4  
  169  22:09  Drone x2  
  169  22:11  Extractor  
  169  22:12  Zergling x22  
  181  22:16  Roach x3  
  187  22:25  Drone  
  187  22:27  Extractor x2  
  186  22:41  Roach x2  
  186  22:43  Baneling x11  
  190  22:44  Zergling x18  
  170  23:08  Zergling x12, Roach x3  
  170  23:09  Zergling x4  
  169  23:13  Ravager  
  169  23:14  Zergling x28  
  182  23:26  Zergling x12  
  172  23:33  Zergling x2  
  164  23:37  Baneling x6  
  164  23:38  Ravager  
  165  23:48  Drone x6  
  168  23:52  Baneling x4  
  168  23:53  Baneling x2  
  170  24:10  Drone  
  166  24:18  Zergling x22  
  166  24:22  Baneling x11  
  171  24:41  Zergling x24  
  177  24:49  Roach x3  
Tags
 
Add a new tag
Caveats
  • Supply blocks, unpowered buildings, or Contaminate may cause inaccurate times.
  • Supply counts are checked every 10 seconds.